 Dungeon Crawl Stone Soup version 0.25.1-3-ge44b62a0b3 (webtiles) character file.

Game seed: 15045314112122740299

2268 CrazyMind the Archer (level 9, -18/72 HPs)
             Began as a Centaur Hunter on Nov 21, 2020.
             Was a Believer of Okawaru.
             Killed from afar by Harold (20 damage)
             ... with a harpoon shot
             ... on level 6 of the Dungeon.
             The game lasted 00:30:58 (6828 turns).

CrazyMind the Archer (Centaur Hunter)               Turns: 6828, Time: 00:30:59

Health: -18/72     AC:  5    Str: 19    XL:     9   Next: 16%
Magic:  11/11      EV:  8    Int: 10    God:    Okawaru [**....]
Gold:   232        SH:  0    Dex:  9    Spells: 8/8 levels left

rFire    . . .     SeeInvis .   a - +3 shortbow
rCold    . . .     Gourm    .   (shield currently unavailable)
rNeg     . . .     Faith    .   y - +1 scale mail
rPois    .         Spirit   .   q - +0 helmet
rElec    .         Reflect  .   D - +0 cloak
rCorr    .         Harm     .   (no gloves)
MR       .....                  (no barding)
Stlth    ..........             H - amulet of regeneration
HPRegen  0.62/turn              F - ring of flight (curse)
MPRegen  0.12/turn              (no ring)

@: marked, corroded, lightly drained, very quick
A: large, hooves 3, deformed body, speed 2, tough skin 3
a: Heroism, Renounce Religion, Evoke Flight


You were on level 6 of the Dungeon.
You worshipped Okawaru.
Okawaru was pleased with you.
You were not hungry.

You visited 2 branches of the dungeon, and saw 8 of its levels.

You collected 232 gold pieces.

Inventory:

Hand Weapons
 a - a +3 shortbow (weapon)
 g - a +1 shortbow
 x - a +0 hunting sling
 C - a +0 hand crossbow
Missiles
 b - 87 arrows (quivered)
 j - 217 stones
 l - 48 sling bullets
 m - 52 poisoned darts
 r - 15 bolts
 J - a throwing net
Armour
 c - a +0 leather armour
 q - a +0 helmet (worn)
 w - a +0 ring mail
 y - a +1 scale mail (worn)
 D - a +0 cloak (worn)
 L - a +0 leather armour of cold resistance
Jewellery
 A - an uncursed amulet of reflection
 F - a cursed ring of flight (left hand)
 H - an amulet of regeneration (around neck)
Scrolls
 e - a scroll of enchant armour
 o - 5 scrolls of identify
 p - a scroll of immolation
 t - 6 scrolls of remove curse
 B - a scroll of teleportation
 E - a scroll of enchant weapon {unknown}
 G - a scroll of fear
Potions
 d - 2 potions of lignification
 h - 3 potions of heal wounds {unknown}
 i - a potion of cancellation {unknown}
 k - 2 potions of curing {unknown}
 n - 3 potions of mutation {unknown}
 s - a potion of invisibility {unknown}
 u - a potion of flight {unknown}
 v - a potion of might {unknown}
 z - a potion of degeneration {unknown}
 K - a potion of brilliance {unknown}
Comestibles
 f - 13 rations
 I - 4 chunks of flesh


   Skills:
 + Level 4.6(4.5) Fighting
 * Level 13.0(12.8) Bows
 + Level 2.5(2.3) Armour
 - Level 1.3(1.2) Dodging
 - Level 0.4(0.2) Stealth
 + Level 3.9(3.8) Unarmed Combat
 * Level 2.7(2.6) Invocations


You had 8 spell levels left.
You didn't know any spells.
Your spell library was empty.

Dungeon Overview and Level Annotations

Branches:
Dungeon (7/15)             Temple (1/1) D:4

Altars:
Ashenzari
Cheibriados
Dithmenos
Elyvilon
Fedhas
Gozag
Hepliaklqana
Kikubaaqudgha
Makhleb
Nemelex Xobeh
Okawaru
Qazlal
Ru
Sif Muna
Trog
Uskayaw
Vehumet
Wu Jian
Xom
Yredelemnul
Zin
The Shining One
Lugonu

Shops:
D:6 :[

Annotations:
D:6 3 runed translucent doors, Harold; Thomus's ghost, novice DECj


Innate Abilities, Weirdness & Mutations

You have hooves in place of feet.
Armour fits poorly on your strangely shaped body.
You cover ground very quickly.
You have extremely tough skin. (AC +3)


Message History

You shoot an arrow. The arrow hits Harold!
Harold is heavily wounded.
Firing (i - inventory. (/) - cycle)
b - 88 arrows (quivered)
Press: ? - help, Shift-Dir - straight line, f/p - Harold
Aim: Harold, wielding a +0 flail, wearing a +3 scale mail of poison resistance and carrying a wand of acid (11) (heavily wounded)
You shoot an arrow. The arrow hits Harold!
Harold is severely wounded.
Harold zaps a wand.
The bolt of acid hits you! The acid corrodes you!
You are splashed with acid!
* * * LOW HITPOINT WARNING * * *
You feel like a meek peon again. Harold gestures at you while chanting.
The mark upon you grows brighter. Harold fires a harpoon shot at you.
The harpoon shot hits you!
* * * LOW HITPOINT WARNING * * *
You are yanked forward by the harpoon shot.
Harold fires a harpoon shot at you. The harpoon shot hits you!!
You die...

...≈#...÷...............#......##
#####...#....##+####....#####..##
..#.....#....#.....+........#..#.
######..#....#.....#........#..#.
#....#..#....#.....#........#..##
#....#..#....#....>#........#..##
#....#..#....#..@(.#####....#..#.
'....#..#....#.....##..#....#..##
#....#'##....#..@......#<...#..#.
.####........#.........'....'..#.
.# #........#.....##..#....####.
.# #........#.....##..#.........
.# #........#.........#........#
.# #........#.........#........#
.# #........#.....##..#........#
## #####....#.....##.##...)#####
#....#..÷....∩.....)#


You could see Harold.

Vanquished Creatures
  Grinder (D:4)
  A phantom (D:4)
  A sky beast (D:6)
  3 ogres
  3 centaurs
  2 bullfrogs (D:6)
  A wyvern skeleton (D:6)
  3 scorpions
  A howler monkey (D:7)
  A centaur zombie (D:5)
  5 crimson imps
  2 hounds
  3 bullfrog skeletons
  A jelly (D:7)
  A centaur skeleton (D:7)
  A gnoll shaman (D:7)
  Jessica (D:3)
  3 orc wizards (D:6)
  Natasha (thrice) (D:4)
  4 iguanas
  3 worker ants
  A hound skeleton (D:5)
  4 gnolls (D:7)
  10 adders
  A shadow imp (D:6)
  2 oozes
  An adder skeleton (D:5)
  2 dart slugs (D:3)
  9 leopard geckos
  13 orcs
  7 goblins
  6 hobgoblins
  10 jackals
  9 kobolds
  A quokka (D:2)
  4 bats
  3 frilled lizards
  5 rats
132 creatures vanquished.

Vanquished Creatures (others)
  2 hounds (D:4)
  An adder (D:4)
3 creatures vanquished.

Grand Total: 135 creatures vanquished

Notes
Turn   | Place    | Note
-------+----------+-------------------------------------------
     0 | D:1      | CrazyMind the Centaur Hunter began the quest for the Orb.
     0 | D:1      | Reached XP level 1. HP: 17/17 MP: 1/1
   286 | D:1      | Reached XP level 2. HP: 24/24 MP: 2/2
   791 | D:2      | Found an opulent altar of Gozag.
   814 | D:2      | Reached skill level 6 in Bows
   838 | D:2      | Found a snail-covered altar of Cheibriados.
   850 | D:2      | Found a radiant altar of Vehumet.
   853 | D:2      | Found a hazy altar of Hepliaklqana.
   856 | D:2      | Found a hide-covered altar of Uskayaw.
  1157 | D:2      | Found a shadowy altar of Dithmenos.
  1326 | D:2      | Found an ornate altar of the Wu Jian Council.
  1333 | D:2      | Found a sparkling altar of Nemelex Xobeh.
  1457 | D:2      | Reached skill level 1 in Unarmed Combat
  1457 | D:2      | Reached XP level 3. HP: 13/29 MP: 3/3
  1769 | D:3      | Noticed an ogre
  1788 | D:3      | Killed an ogre
  1788 | D:3      | Reached skill level 7 in Bows
  1788 | D:3      | Reached skill level 1 in Armour
  1788 | D:3      | Reached XP level 4. HP: 37/37 MP: 4/4
  1850 | D:3      | Noticed Jessica
  2002 | D:3      | Reached XP level 5. HP: 36/42 MP: 5/5
  2408 | D:3      | Found an ancient bone altar of Kikubaaqudgha.
  2540 | D:3      | Killed Jessica
  2972 | D:4      | Noticed Natasha
  2974 | D:4      | Killed Natasha
  2974 | D:4      | Reached skill level 8 in Bows
  2999 | D:4      | Noticed a phantom
  3024 | D:4      | Killed a phantom
  3024 | D:4      | Reached XP level 6. HP: 50/50 MP: 6/6
  3086 | D:4      | Found a stormy altar of Qazlal.
  3102 | D:4      | Noticed Natasha
  3106 | D:4      | Killed Natasha
  3122 | D:4      | Noticed Natasha
  3127 | D:4      | Killed Natasha
  3158 | D:4      | You fall into a shaft and drop 3 floors!
  3266 | D:7      | Reached skill level 9 in Bows
  3266 | D:7      | Reached XP level 7. HP: 57/57 MP: 7/7
  3448 | D:6      | Found an ornate altar of the Wu Jian Council.
  3488 | D:6      | Found a glowing golden altar of the Shining One.
  3513 | D:6      | Reached skill level 10 in Bows
  3833 | D:5      | Entered Level 5 of the Dungeon
  3992 | D:4      | Reached XP level 8. HP: 54/63 MP: 8/8
  4189 | D:4      | Found a staircase to the Ecumenical Temple.
  4199 | Temple   | Entered the Ecumenical Temple
  4235 | Temple   | Became a worshipper of Warmaster Okawaru
  4354 | D:4      | Found a shimmering altar of Xom.
  4376 | D:4      | Reached skill level 11 in Bows
  4418 | D:4      | Noticed Grinder
  4439 | D:4      | Killed Grinder
  4439 | D:4      | Reached * piety under Okawaru
  5057 | D:5      | Found a blossoming altar of Fedhas.
  5128 | D:5      | Reached skill level 1 in Invocations
  5445 | D:5      | Reached skill level 12 in Bows
  5482 | D:5      | Found a bloodstained altar of Trog.
  5774 | D:6      | Found Xoschai's Book Shop.
  5932 | D:6      | Found Withronimi's Armour Shoppe.
  6031 | D:6      | Reached ** piety under Okawaru
  6147 | D:6      | Reached XP level 9. HP: 72/72 MP: 10/10
  6233 | D:6      | Found a runed translucent gate.
  6233 | D:6      | Found a runed translucent gate.
  6233 | D:6      | Found a runed translucent gate.
  6235 | D:6      | Noticed Thomus's ghost (novice DECj)
  6330 | D:6      | Found a burning altar of Makhleb.
  6331 | D:6      | Found a shimmering altar of Xom.
  6345 | D:6      | Paralysed by a crimson imp for 3 turns
  6643 | D:7      | Reached skill level 13 in Bows
  6800 | D:7      | Noticed Harold
  6827 | D:6      | HP: 1/72 [Harold/harpoon shot (15)]
  6828 | D:6      | Killed from afar by Harold

Illustrated notes

Levels and vault maps discovered:
D:1:      dpeg_arrival_round_a, layout_rooms
D:2:      layout_rooms, grunt_temple_overflow_cloverleaf,
          amethyst_overflow_temple_binary, grunt_dithmenos_smoke,
          overflow_temple_1_default, first_ration
D:3:      layout_basic, nicolae_overflow_crystal_walls, uniq_jessica
D:4:      layout_loops_ring, kennysheep_little_box, temple_hall,
          xom_confusion_cloud, uniq_grinder, uniq_natasha
D:5:      layout_loops_corners, bloody_trog, fedhas_altar_3
D:6:      layout_gridville, grunt_temple_overflow_champion_of_chaos,
          serial_shops, nicolae_shop_waterfront, nicolae_shop_crystal,
          basic_altar, ebering_ghost_rock_garden, chequers_serial_rivers_room_a,
          tso_metal_star
D:7:      kennysheep_six_static_rooms, layout_loops_cross, basic_altar,
          grunt_ogre_cave, hangedman_decor_riveting, uniq_harold, uniq_menkaure
Temple:   corrupted_temple

Skill      XL: |  1  2  3  4  5  6  7  8  9 |
---------------+----------------------------+-----
Bows           | 6 7 8 9 10 12 13 | 13.0
Unarmed Combat | 1 2 3 |  3.9
Armour         | 1 2 |  2.5
Fighting       | 3 4 |  4.6
Invocations    | 2 |  2.7
Dodging        | |  1.3
Stealth        | |  0.4

Action                   |  1- 3 |  4- 6 |  7- 9 || total
-------------------------+-------+-------+-------++-------
Melee: Unarmed           |    96 |    73 |    96 ||   265
       Kick              |    11 |    13 |    28 ||    52
       Punch             |       |       |     1 ||     1
 Fire: Shortbow          |    41 |    63 |   266 ||   370
Throw: Stone             |     5 |       |       ||     5
Invok: Heroism           |       |       |     1 ||     1
  Use: Scroll            |       |     7 |     3 ||    10
  Eat: Chunk             |     2 |     4 |     8 ||    14
Armor: Leather armour    |    52 |     6 |       ||    58
       Ring mail         |       |    12 |       ||    12
       Scale mail        |       |       |    83 ||    83
Dodge: Dodged            |    63 |    29 |    43 ||   135
Block: Other             |       |       |     6 ||     6
       Reflection        |       |       |     1 ||     1
